 Dungeon Crawl Stone Soup version 0.20-a0-270-g8e735b6 (webtiles) character file.

87 Leibowitz the Ducker (level 4, -1/37 HPs)
             Began as a Demigod Gladiator on Dec 10, 2016.
             Slain by a gnoll
             ... wielding a +0 club
              (4 damage)
             ... on level 3 of the Dungeon.
             The game lasted 00:04:51 (2373 turns).

Leibowitz the Ducker (Demigod Gladiator)            Turns: 2373, Time: 00:04:52

Health: -1/37      AC:  4    Str: 18    XL:     4   Next: 7%
Magic:  6/6        EV: 13    Int: 12    God:
Gold:   118        SH:  0    Dex: 18    Spells: 3/3 levels left

rFire  . . .     SeeInvis .     a - +0 rapier
rCold  . . .     Gourm    .     b - +0 leather armour
rNeg   . . .     Faith    .     (no shield)
rPois  .         Spirit   .     c - +0 helmet
rElec  .         Reflect  .     (no cloak)
rCorr  +         Harm     .     (no gloves)
MR     .....                    (no boots)
Stlth  ++........               (no amulet)
                                (no ring)
                                e - ring of resist corrosion

@: no status effects
A: high mp 1
a: no special abilities


You were on level 3 of the Dungeon.
You were hungry.

You visited 1 branch of the dungeon, and saw 4 of its levels.

You collected 118 gold pieces.

Inventory:

Hand Weapons
 a - a +0 rapier (weapon)
Missiles
 w - a javelin (quivered)
Armour
 b - a +0 leather armour (worn)
 c - a +0 helmet (worn)
Jewellery
 e - a ring of resist corrosion (left hand)
Scrolls
 h - a scroll of enchant armour {unknown}
 i - a scroll of magic mapping {unknown}
 j - a scroll of fog {unknown}
 k - a scroll of remove curse {unknown}
 l - a scroll of fear {unknown}
 n - 2 scrolls of identify {unknown}
 o - a scroll of recharging {unknown}
 t - a scroll of random uselessness {unknown}
 v - a scroll of noise {unknown}
Potions
 m - a potion of curing {unknown}
 q - a potion of mutation {unknown}
 r - 2 potions of heal wounds {unknown}
 s - a potion of berserk rage {unknown}
 x - 2 potions of cancellation {unknown}
 z - a potion of degeneration {unknown}
Comestibles
 f - 2 bread rations
 g - 2 meat rations
 p - a beef jerky
 u - a slice of pizza


   Skills:
 * Level 2.3 Fighting
 + Level 3.3 Short Blades
 + Level 1.8 Throwing
 + Level 0.8 Armour
 * Level 3.3 Dodging
 * Level 1.2 Stealth


You had 3 spell levels left.
You didn't know any spells.

Dungeon Overview and Level Annotations

Branches:
Dungeon (4/15)
 Temple: D:4-7


Innate Abilities, Weirdness & Mutations

You have an increased reservoir of magic. (+10% MP)


Message History

Press: ? - help, Shift-Dir - straight line, f - gnoll
Aim: a gnoll, wielding a club You throw a throwing net.
The throwing net barely misses the gnoll.
The gnoll closely misses you.
Throwing (i - inventory):
w - 2 javelins (quivered)
Press: ? - help, Shift-Dir - straight line, f/p - gnoll
Aim: a gnoll, wielding a club You throw a javelin.
The javelin hits the gnoll but does no damage.
The gnoll barely misses you.
You closely miss the gnoll. The gnoll hits you with a club.
* * * LOW HITPOINT WARNING * * *
You barely miss the gnoll. The gnoll closely misses you.
You barely miss the gnoll. The gnoll hits you with a club.
* * * LOW HITPOINT WARNING * * *
You hit the gnoll.
The gnoll is moderately wounded.
The gnoll hits you with a club.
You die...

...........<....##.# #.........
.##.#####.#........# #.........
.##.#............### #.........
###.#..<.####.##.# #.........
###.#....# #.##.# #.........
..#.###.## #..#.# #[........
#.#.# #.# ##.#.# #######<## #.#.#
#.# #...# #.#
#.#.###.#######.@#############.##
.................g...............
#.#.#...########.###(#########.##
#.#.#.### #.# #.# #...... #.#.#.#
#.###.# #.##...
#.#.#.##########..##.# ###.#####
#.#.............#.##.# #........
#.#.............#..#.# #.#.#####
#.#.............##.#.# #.#......


You could see a gnoll.

Vanquished Creatures
  A gnoll (D:3)
  2 adders
  4 worms
  2 dart slugs (D:1)
  An orc (D:3)
  4 bats
  2 giant cockroaches (D:3)
  4 goblins
  7 hobgoblins
  A quokka (D:3)
  A ball python (D:2)
  5 frilled lizards
  8 kobolds
  5 rats
47 creatures vanquished.

Notes
Turn   | Place    | Note
-------+----------+-------------------------------------------
     0 | D:1      | Leibowitz the Demigod Gladiator began the quest for the Orb.
     0 | D:1      | Reached XP level 1. HP: 17/17 MP: 3/3
   277 | D:1      | Reached XP level 2. HP: 24/24 MP: 4/4
   685 | D:2      | Found a burning altar of Makhleb.
   693 | D:2      | Found a shimmering altar of Xom.
  1058 | D:2      | Reached XP level 3. HP: 29/29 MP: 5/5
  1735 | D:3      | Reached skill level 1 in Stealth
  1871 | D:3      | Found an iron altar of Okawaru.
  2330 | D:4      | Noticed an ogre
  2367 | D:3      | Reached XP level 4. HP: 8/37 MP: 6/6
  2373 | D:3      | Slain by a gnoll

Vault maps used:
D:1:      dpeg_arrival_stonehenge_12_columns, minmay_tree_intersection,
          minmay_misc_feat_plants
D:2:      chequers_temple_overflow_statue_of_worship
D:3:      first_bread, okawaru_ov_weapons_minmay

Skill      XL: |  1  2  3 |
---------------+----------+-----
Dodging        | 3 |  3.3
Fighting       | 2 |  2.3
Short Blades   | 3 |  3.3
Stealth        | 1 |  1.2
Throwing       | |  1.8
Armour         | |  0.8

Action                   |  1- 3 |  4- 6 || total
-------------------------+-------+-------++-------
Melee: Rapier            |   170 |     4 ||   174
Throw: Throwing net      |     2 |     1 ||     3
       Javelin           |       |     1 ||     1
 Stab: Sleeping          |     3 |       ||     3
       Held in net/web   |     1 |       ||     1
  Eat: Chunk             |     4 |       ||     4
Armor: Leather armour    |    31 |       ||    31
Dodge: Dodged            |   103 |     3 ||   106
